General information
- name: BNet
- type: Ladder team game (AT/RT)
- host: Battle.net
- saver: PIZZAFAN1739
map: Highperch
- players: 6
- length: 99:29
- speed: Fast
- version: 1.26 W3XP
- replay type:

» download(667 KB)
Players
team 1 (loser)
HumanPowa (
pink | 93 APM | 9207 actions | 99:28)
9 Archmage
3 Summon Water Elemental
3 Brilliance Aura
2 Blizzard
1 Mass Teleport
» actions
| Assign group hotkey | 213 | |
| Basic commands | 81 | |
| Build / train | 159 | |
| ESC pressed | 14 | |
| Enter build submenu | 52 | |
| Enter hero's abilities submenu | 10 | |
| Give item / drop item | 3 | |
| Right click | 4274 | |
| Select / deselect | 1196 | |
| Select group hotkey | 2931 | |
| Use ability | 274 | |
9207 total
» units
| Peasant | 22 | |
| Footman | 7 | |
| Dragonhawk Rider | 24 | |
| Siege Engine | 13 | |
| Flying Machine | 17 | |
83 total
» upgrades
| Lumber Harvesting | 2 | |
| Masonry | 3 | |
| Cloud | 1 | |
| Gunpowder | 3 | |
| Flak Cannons | 1 | |
| Flying Machine Bombs | 1 | |
11 total
» buildings
| Altar of Kings | 1 | |
| Farm | 12 | |
| Barracks | 1 | |
| Keep | 2 | |
| Arcane Vault | 2 | |
| Scout Tower | 15 | |
| Arcane Tower | 3 | |
| Lumber Mill | 1 | |
| Town Hall | 3 | |
| Castle | 3 | |
| Gryphon Aviary | 2 | |
| Guard Tower | 9 | |
| Blacksmith | 1 | |
| Workshop | 6 | |
61 total
» build order
00:05 Altar of Kings
00:13 Farm
00:17 Barracks
00:21 Farm
00:58 Farm
02:14 Farm
02:59 Keep
02:59 Keep
03:02 Arcane Vault
03:08 Scout Tower
03:37 Arcane Tower
04:48 Lumber Mill
05:13 Farm
06:27 Town Hall
06:28 Scout Tower
06:38 Castle
06:38 Castle
06:39 Gryphon Aviary
06:40 Gryphon Aviary
06:56 Arcane Tower
06:56 Arcane Tower
07:48 Scout Tower
07:50 Scout Tower
07:52 Scout Tower
08:15 Farm
08:25 Guard Tower
08:26 Guard Tower
08:26 Guard Tower
08:59 Scout Tower
09:01 Scout Tower
10:05 Guard Tower
11:11 Farm
11:13 Farm
11:18 Blacksmith
11:23 Scout Tower
11:32 Scout Tower
11:51 Workshop
11:52 Workshop
11:54 Workshop
11:55 Scout Tower
11:56 Scout Tower
11:58 Scout Tower
12:01 Workshop
12:09 Guard Tower
12:20 Guard Tower
12:26 Guard Tower
12:29 Guard Tower
13:00 Scout Tower
13:39 Farm
13:40 Farm
15:44 Arcane Vault
17:46 Scout Tower
21:41 Farm
21:42 Farm
22:08 Workshop
22:09 Workshop
22:47 Guard Tower
22:48 Scout Tower
28:36 Town Hall
59:41 Town Hall
» items
| Scroll of Regeneration | 5 | |
| Lesser Clarity Potion | 3 | |
| Tome of Retraining | 1 | |
| Boots of Speed | 1 | |
| Potion of Lesser Invulnerability | 1 | |
| Potion of Healing | 6 | |
| Scroll of Town Portal | 1 | |
| Staff of Sanctuary | 1 | |
19 total
iP.Nastya (
blue | 89 APM | 8789 actions | 98:56)
7 Death Knight
3 Death Coil
3 Unholy Aura
1 Animate Dead
1 Priestess of the Moon
1 Trueshot Aura
1 Archmage
1 Summon Water Elemental
» actions
| Assign group hotkey | 224 | |
| Basic commands | 287 | |
| Build / train | 115 | |
| ESC pressed | 2 | |
| Enter build submenu | 35 | |
| Enter hero's abilities submenu | 9 | |
| Give item / drop item | 8 | |
| Remove unit from queue | 2 | |
| Right click | 3612 | |
| Select / deselect | 1591 | |
| Select group hotkey | 2656 | |
| Use ability | 248 | |
8789 total
» units
| Acolyte | 11 | |
| Ghoul | 4 | |
| Crypt Fiend | 14 | |
| Meatwagon | 6 | |
| Obsidian Statue | 1 | |
| Abomination | 1 | |
| Gargoyle | 14 | |
51 total
» upgrades
| Creature Attack | 2 | |
| Creature Carapace | 1 | |
| Web | 1 | |
| Burrow | 1 | |
| Destroyer Form | 1 | |
| Stone Form | 1 | |
7 total
» buildings
| Graveyard | 2 | |
| Crypt | 3 | |
| Altar of Darkness | 1 | |
| Ziggurat | 8 | |
| Tomb of Relics | 1 | |
| Halls of the Dead | 5 | |
| Black Citadel | 3 | |
| Sacrificial Pit | 2 | |
| Slaughterhouse | 2 | |
| Spirit Tower | 7 | |
| Nerubian Tower | 3 | |
37 total
» build order
00:09 Graveyard
00:11 Crypt
00:13 Crypt
00:49 Altar of Darkness
00:54 Ziggurat
01:05 Tomb of Relics
01:56 Ziggurat
03:53 Halls of the Dead
03:53 Halls of the Dead
03:53 Halls of the Dead
04:19 Ziggurat
06:53 Black Citadel
06:53 Black Citadel
06:56 Sacrificial Pit
06:59 Slaughterhouse
07:17 Ziggurat
08:00 Slaughterhouse
09:14 Spirit Tower
09:15 Spirit Tower
09:15 Spirit Tower
09:21 Spirit Tower
12:10 Spirit Tower
12:10 Spirit Tower
12:11 Ziggurat
12:12 Ziggurat
12:14 Ziggurat
13:10 Crypt
14:14 Nerubian Tower
14:17 Nerubian Tower
14:18 Nerubian Tower
16:41 Ziggurat
36:05 Sacrificial Pit
56:03 Graveyard
» items
| Rod of Necromancy | 3 | |
| Dust of Appearance | 3 | |
| Potion of Healing | 3 | |
| Lesser Clarity Potion | 4 | |
| Scroll of Regeneration | 1 | |
| Orb of Corruption | 1 | |
| Potion of Mana | 2 | |
| Scroll of Healing | 2 | |
| Circlet of Nobility | 1 | |
| Staff of Teleportation | 1 | |
| Potion of Lesser Invulnerability | 1 | |
| Scroll of Town Portal | 1 | |
23 total
verybadwheels (
yellow | 100 APM | 5359 actions | 53:40)
6 Priestess of the Moon
3 Searing Arrows
2 Trueshot Aura
1 Starfall
» actions
| Assign group hotkey | 117 | |
| Basic commands | 238 | |
| Build / train | 103 | |
| ESC pressed | 9 | |
| Enter build submenu | 51 | |
| Enter hero's abilities submenu | 6 | |
| Give item / drop item | 2 | |
| Right click | 2456 | |
| Select / deselect | 890 | |
| Select group hotkey | 1357 | |
| Use ability | 130 | |
5359 total
» units
| Wisp | 45 | |
| Huntress | 8 | |
| Glaive Thrower | 18 | |
71 total
» upgrades
| Ultravision | 1 | |
| Strength of the Moon | 3 | |
| Moon Armor | 2 | |
| Vorpal Blades | 1 | |
| Nature's Blessing | 1 | |
8 total
» buildings
| Altar of Elders | 3 | |
| Moon Well | 13 | |
| Ancient of War | 8 | |
| Hunter's Hall | 2 | |
| Tree of Life | 2 | |
| Tree of Ages | 3 | |
| Ancient Protector | 9 | |
| Ancient of Wonders | 1 | |
| Tree of Eternity | 2 | |
43 total
» build order
00:02 Altar of Elders
00:07 Altar of Elders
00:17 Moon Well
01:58 Ancient of War
02:04 Hunter's Hall
02:06 Ancient of War
02:23 Moon Well
02:41 Ancient of War
03:01 Moon Well
05:36 Moon Well
06:53 Tree of Life
08:09 Tree of Ages
08:09 Tree of Ages
08:39 Ancient Protector
09:05 Ancient Protector
11:30 Ancient Protector
11:57 Ancient Protector
11:59 Ancient Protector
12:27 Ancient Protector
12:28 Ancient Protector
12:30 Ancient Protector
12:38 Hunter's Hall
12:46 Moon Well
12:53 Moon Well
13:16 Moon Well
13:59 Moon Well
14:39 Ancient Protector
16:19 Ancient of War
16:31 Ancient of War
17:58 Tree of Life
19:50 Moon Well
19:51 Moon Well
21:15 Tree of Ages
24:51 Altar of Elders
24:52 Moon Well
26:17 Ancient of Wonders
26:18 Tree of Eternity
26:18 Tree of Eternity
26:22 Ancient of War
26:22 Ancient of War
26:35 Ancient of War
33:15 Moon Well
33:15 Moon Well
» items
| Scroll of Town Portal | 4 | |
| Staff of Teleportation | 1 | |
| Potion of Healing | 1 | |
6 total
team 2 (winner)
Birdeneering (
purple | 91 APM | 9045 actions | 99:28)
6 Archmage
3 Blizzard
2 Brilliance Aura
1 Mass Teleport
2 Blood Mage
1 Flame Strike
1 Siphon Mana
5 Paladin
3 Holy Light
2 Divine Shield
» actions
| Assign group hotkey | 1236 | |
| Basic commands | 53 | |
| Build / train | 128 | |
| Enter build submenu | 78 | |
| Enter hero's abilities submenu | 13 | |
| Give item / drop item | 11 | |
| Right click | 5418 | |
| Select / deselect | 555 | |
| Select group hotkey | 1164 | |
| Use ability | 389 | |
9045 total
» units
| Peasant | 29 | |
| Dragonhawk Rider | 12 | |
41 total
» upgrades
| Masonry | 3 | |
| Lumber Harvesting | 2 | |
| Magic Sentry | 1 | |
| Swords | 2 | |
| Armor | 2 | |
| Animal War Training | 1 | |
11 total
» buildings
| Altar of Kings | 1 | |
| Farm | 16 | |
| Lumber Mill | 1 | |
| Scout Tower | 73 | |
| Arcane Tower | 5 | |
| Guard Tower | 35 | |
| Keep | 2 | |
| Town Hall | 1 | |
| Castle | 1 | |
| Arcane Sanctum | 1 | |
| Arcane Vault | 2 | |
| Gryphon Aviary | 1 | |
| Barracks | 1 | |
| Blacksmith | 1 | |
141 total
» build order
00:04 Altar of Kings
00:34 Farm
00:49 Lumber Mill
01:14 Farm
01:51 Scout Tower
02:01 Scout Tower
02:17 Arcane Tower
02:17 Arcane Tower
02:19 Scout Tower
02:32 Guard Tower
02:33 Scout Tower
02:56 Guard Tower
02:59 Scout Tower
03:03 Scout Tower
03:04 Guard Tower
03:31 Guard Tower
03:32 Scout Tower
04:09 Guard Tower
04:11 Scout Tower
04:11 Scout Tower
04:12 Guard Tower
04:14 Scout Tower
04:14 Scout Tower
04:22 Keep
04:22 Keep
04:41 Guard Tower
04:42 Guard Tower
04:43 Scout Tower
04:44 Scout Tower
05:05 Guard Tower
05:06 Scout Tower
05:08 Guard Tower
05:42 Farm
05:52 Farm
06:01 Guard Tower
06:40 Scout Tower
07:41 Guard Tower
07:44 Scout Tower
07:44 Scout Tower
08:10 Town Hall
08:14 Guard Tower
08:39 Castle
08:49 Guard Tower
08:49 Guard Tower
08:50 Guard Tower
08:50 Guard Tower
09:00 Scout Tower
09:01 Scout Tower
10:17 Guard Tower
10:18 Scout Tower
11:45 Scout Tower
11:46 Scout Tower
11:46 Guard Tower
12:01 Arcane Sanctum
12:18 Scout Tower
12:19 Scout Tower
12:21 Scout Tower
12:23 Scout Tower
12:24 Scout Tower
12:25 Scout Tower
12:26 Scout Tower
12:48 Guard Tower
12:49 Scout Tower
12:50 Scout Tower
12:50 Scout Tower
12:51 Scout Tower
12:56 Guard Tower
12:58 Scout Tower
12:59 Scout Tower
13:04 Scout Tower
13:09 Scout Tower
13:10 Scout Tower
13:11 Scout Tower
13:12 Scout Tower
13:20 Guard Tower
13:52 Arcane Vault
14:32 Guard Tower
14:36 Guard Tower
14:37 Arcane Tower
14:50 Scout Tower
15:45 Guard Tower
16:13 Arcane Tower
16:14 Guard Tower
16:27 Gryphon Aviary
16:28 Barracks
16:29 Blacksmith
17:59 Arcane Tower
19:41 Arcane Vault
21:34 Scout Tower
21:36 Scout Tower
21:37 Scout Tower
21:38 Scout Tower
21:39 Scout Tower
21:39 Scout Tower
21:40 Scout Tower
21:42 Scout Tower
21:43 Scout Tower
21:43 Scout Tower
21:44 Scout Tower
21:45 Scout Tower
21:45 Scout Tower
22:05 Scout Tower
22:05 Scout Tower
22:06 Scout Tower
22:06 Scout Tower
22:07 Scout Tower
22:08 Scout Tower
22:09 Scout Tower
22:10 Scout Tower
22:10 Scout Tower
22:12 Scout Tower
22:12 Scout Tower
22:16 Guard Tower
22:18 Scout Tower
22:19 Scout Tower
22:22 Scout Tower
22:23 Scout Tower
22:24 Scout Tower
22:24 Scout Tower
22:40 Scout Tower
22:41 Scout Tower
22:42 Guard Tower
22:42 Guard Tower
22:54 Guard Tower
22:59 Farm
23:00 Farm
23:00 Farm
23:02 Farm
23:02 Farm
23:03 Farm
23:14 Guard Tower
23:29 Guard Tower
23:57 Guard Tower
26:31 Farm
26:32 Farm
26:33 Farm
26:34 Farm
26:35 Farm
26:36 Farm
» items
| Lesser Clarity Potion | 1 | |
| Potion of Healing | 1 | |
| Healing Salve | 3 | |
| Orb of Lightning | 2 | |
| Boots of Speed | 1 | |
| Staff of Teleportation | 2 | |
| Scroll of Regeneration | 1 | |
| Scroll of Town Portal | 3 | |
| Staff of Sanctuary | 2 | |
16 total
HauntedEggs (
red | 84 APM | 8354 actions | 99:28)
6 Mountain King
3 Storm Bolt
2 Bash
1 Avatar
5 Paladin
3 Holy Light
2 Divine Shield
» actions
| Assign group hotkey | 456 | |
| Basic commands | 200 | |
| Build / train | 176 | |
| ESC pressed | 4 | |
| Enter build submenu | 96 | |
| Enter hero's abilities submenu | 14 | |
| Give item / drop item | 5 | |
| Remove unit from queue | 1 | |
| Right click | 3624 | |
| Select / deselect | 1716 | |
| Select group hotkey | 1435 | |
| Use ability | 627 | |
8354 total
» units
| Peasant | 21 | |
| Dragonhawk Rider | 3 | |
24 total
» upgrades
| Masonry | 3 | |
| Magic Sentry | 1 | |
| Lumber Harvesting | 1 | |
| Cloud | 1 | |
6 total
» buildings
| Altar of Kings | 1 | |
| Farm | 10 | |
| Lumber Mill | 1 | |
| Scout Tower | 73 | |
| Arcane Tower | 7 | |
| Arcane Vault | 1 | |
| Guard Tower | 93 | |
| Keep | 4 | |
| Castle | 2 | |
| Town Hall | 1 | |
| Arcane Sanctum | 1 | |
| Gryphon Aviary | 2 | |
196 total
» build order
00:02 Altar of Kings
00:03 Farm
00:29 Lumber Mill
01:19 Scout Tower
01:31 Farm
01:33 Farm
01:42 Scout Tower
01:52 Arcane Tower
01:52 Arcane Tower
01:52 Arcane Tower
02:14 Scout Tower
02:23 Arcane Vault
02:27 Scout Tower
02:32 Guard Tower
02:32 Guard Tower
02:56 Farm
03:07 Scout Tower
03:11 Scout Tower
03:12 Guard Tower
03:12 Guard Tower
03:13 Guard Tower
03:20 Guard Tower
03:20 Guard Tower
04:11 Scout Tower
04:12 Scout Tower
04:13 Guard Tower
04:15 Scout Tower
04:26 Scout Tower
04:37 Farm
04:38 Keep
04:38 Keep
04:39 Keep
04:40 Scout Tower
04:44 Guard Tower
04:45 Guard Tower
04:56 Scout Tower
04:56 Scout Tower
05:21 Arcane Tower
05:26 Guard Tower
05:26 Guard Tower
05:27 Guard Tower
05:28 Scout Tower
05:32 Scout Tower
05:33 Guard Tower
05:34 Guard Tower
05:34 Guard Tower
05:39 Scout Tower
06:17 Scout Tower
06:20 Scout Tower
06:20 Scout Tower
06:26 Scout Tower
06:27 Scout Tower
06:45 Guard Tower
07:06 Scout Tower
07:07 Guard Tower
07:07 Guard Tower
07:07 Guard Tower
07:10 Scout Tower
07:41 Guard Tower
08:51 Scout Tower
08:52 Scout Tower
09:30 Guard Tower
09:30 Guard Tower
09:43 Scout Tower
09:43 Scout Tower
09:44 Scout Tower
10:07 Castle
10:07 Castle
10:15 Scout Tower
10:15 Scout Tower
10:17 Scout Tower
10:17 Scout Tower
10:18 Guard Tower
10:18 Guard Tower
10:25 Town Hall
10:43 Guard Tower
10:43 Guard Tower
11:43 Guard Tower
11:46 Scout Tower
11:47 Scout Tower
12:13 Scout Tower
12:13 Scout Tower
12:17 Scout Tower
12:23 Scout Tower
12:38 Farm
12:43 Scout Tower
12:50 Guard Tower
12:50 Guard Tower
12:53 Guard Tower
12:53 Guard Tower
12:53 Guard Tower
13:03 Arcane Sanctum
13:05 Scout Tower
13:12 Guard Tower
13:12 Guard Tower
13:12 Guard Tower
13:17 Scout Tower
13:19 Guard Tower
13:20 Guard Tower
14:06 Scout Tower
14:07 Scout Tower
14:08 Scout Tower
14:10 Guard Tower
14:10 Guard Tower
14:23 Gryphon Aviary
14:30 Gryphon Aviary
14:54 Scout Tower
14:55 Guard Tower
14:56 Guard Tower
15:27 Guard Tower
15:27 Guard Tower
15:28 Guard Tower
15:44 Guard Tower
15:45 Guard Tower
16:14 Guard Tower
18:45 Scout Tower
19:00 Scout Tower
19:01 Scout Tower
19:02 Scout Tower
19:16 Guard Tower
19:34 Guard Tower
19:36 Scout Tower
19:36 Scout Tower
19:37 Scout Tower
19:37 Scout Tower
20:35 Guard Tower
20:43 Scout Tower
20:44 Scout Tower
20:44 Scout Tower
21:37 Farm
23:35 Farm
23:36 Farm
23:36 Farm
27:24 Scout Tower
27:25 Scout Tower
27:25 Scout Tower
27:55 Guard Tower
27:56 Guard Tower
27:57 Scout Tower
27:58 Scout Tower
28:00 Scout Tower
28:27 Guard Tower
28:27 Guard Tower
28:29 Guard Tower
28:29 Guard Tower
28:30 Guard Tower
28:40 Scout Tower
28:41 Scout Tower
28:44 Guard Tower
28:45 Guard Tower
29:06 Scout Tower
29:34 Scout Tower
29:35 Scout Tower
29:38 Guard Tower
29:39 Guard Tower
30:07 Scout Tower
30:08 Scout Tower
30:08 Scout Tower
30:09 Guard Tower
30:09 Guard Tower
30:38 Guard Tower
30:40 Scout Tower
30:41 Scout Tower
30:41 Scout Tower
30:42 Guard Tower
30:43 Guard Tower
31:20 Arcane Tower
31:20 Arcane Tower
» items
| Healing Salve | 2 | |
| Lesser Clarity Potion | 6 | |
| Orb of Lightning | 2 | |
| Scroll of Regeneration | 1 | |
| Staff of Sanctuary | 1 | |
| Scroll of Town Portal | 1 | |
| Staff of Teleportation | 3 | |
16 total
PIZZAFAN1739 (
teal | 81 APM | 8082 actions | 99:29)
7 Blademaster
3 Wind Walk
3 Critical Strike
1 Bladestorm
2 Goblin Tinker
1 Pocket Factory
1 Engineering Upgrade
» actions
| Assign group hotkey | 17 | |
| Basic commands | 87 | |
| Build / train | 78 | |
| Enter build submenu | 65 | |
| Enter hero's abilities submenu | 10 | |
| Give item / drop item | 5 | |
| Right click | 6103 | |
| Select / deselect | 1143 | |
| Select group hotkey | 256 | |
| Use ability | 318 | |
8082 total
» units
| Peon | 10 | |
| Troll Batrider | 22 | |
| Wind Rider | 1 | |
33 total
» upgrades
| Ranged Weapons | 3 | |
| Liquid Fire | 1 | |
| Armor | 1 | |
| Envenomed Spears | 1 | |
6 total
» buildings
| Altar of Storms | 2 | |
| Orc Burrow | 5 | |
| War Mill | 2 | |
| Voodoo Lounge | 2 | |
| Watch Tower | 39 | |
| Stronghold | 1 | |
| Beastiary | 2 | |
| Fortress | 1 | |
54 total
» build order
00:10 Altar of Storms
00:19 Orc Burrow
00:50 War Mill
01:54 Voodoo Lounge
01:56 Voodoo Lounge
02:34 Watch Tower
02:55 Stronghold
03:20 Orc Burrow
03:21 Orc Burrow
04:23 Watch Tower
04:25 Watch Tower
05:20 Beastiary
05:21 Beastiary
05:39 Fortress
10:33 Orc Burrow
27:58 Watch Tower
28:00 Watch Tower
28:01 Watch Tower
28:02 Watch Tower
28:06 Watch Tower
28:12 Watch Tower
28:13 Watch Tower
29:18 Watch Tower
29:19 Watch Tower
29:20 Watch Tower
29:21 Watch Tower
29:21 Watch Tower
29:21 Watch Tower
29:40 Watch Tower
29:41 Watch Tower
30:44 War Mill
32:23 Watch Tower
32:25 Watch Tower
32:25 Watch Tower
33:01 Watch Tower
33:05 Watch Tower
33:06 Watch Tower
33:47 Watch Tower
33:47 Watch Tower
33:52 Watch Tower
37:18 Watch Tower
37:46 Watch Tower
46:38 Watch Tower
46:44 Watch Tower
46:47 Watch Tower
47:04 Watch Tower
47:14 Watch Tower
47:46 Watch Tower
47:52 Watch Tower
47:56 Watch Tower
50:08 Watch Tower
50:16 Watch Tower
73:21 Altar of Storms
74:45 Orc Burrow
» items
| Healing Salve | 4 | |
| Lesser Clarity Potion | 10 | |
| Boots of Speed | 1 | |
| Staff of Teleportation | 2 | |
| Orb of Lightning | 1 | |
| Scroll of Town Portal | 2 | |
| Tiny Great Hall | 1 | |
21 total
Chat log
(02:28 / All) PIZZAFAN1739: lol
(12:47 / All) PIZZAFAN1739: lol
(12:48 / All) PIZZAFAN1739: no exp from well
(27:13 / All) iP.Nastya: xddd
(45:56 / All) HauntedEggs: So how y'all enjoyin this game
(45:57 / All) Birdeneering: hello sombreros!
(46:01 / All) PIZZAFAN1739: hi every1
(50:42 / All) Birdeneering: that was fight was swell
(50:47 / All) Birdeneering: made us holler n yell
(50:56 / All) verybadwheels: rapper
(51:02 / All) HauntedEggs: Rapper James
(53:45 / All) Birdeneering: wowww
(53:49 / All) Birdeneering: that was fun!
(53:54 / All) iP.Nastya: im never leave
(53:56 / All) iP.Nastya: guys
(54:01 / All) HauntedEggs: cool. neither will we :)
(54:07 / All) Birdeneering: let's make this a long one!
(54:12 / All) HauntedEggs: 19 hours here we come
(54:40 / All) Birdeneering: how long do you think our longest game is
(54:49 / All) Birdeneering: how persistant could we be
(62:44 / All) HumanPowa: btw we are russians, gl in w8ing
(62:52 / All) PIZZAFAN1739: ty
(62:55 / All) HauntedEggs: us too
(62:57 / All) HauntedEggs: russia lcan 4eva
(62:59 / All) HauntedEggs: ))))
(68:21 / All) iP.Nastya: :DD
(82:26 / All) HauntedEggs: RUSSIA ))))))
(83:26 / Allies) PIZZAFAN1739: u avatarded?
(89:50 / All) PIZZAFAN1739: blue you a girl???
(90:17 / All) Birdeneering: russia 0 patience
(90:32 / All) Birdeneering: 0 bear hunting prowess
(95:47 / All) Birdeneering: are u ready
(98:40 / All) PIZZAFAN1739: clan towa #1
(98:41 / All) PIZZAFAN1739: usa #1
(98:43 / All) HauntedEggs: Clan towa #1
(98:44 / All) HauntedEggs: forever
(98:46 / All) iP.Nastya: :DDDDDDDDDDDDDDDDD
(98:46 / All) HauntedEggs: Russia owned
(98:48 / All) iP.Nastya: haahah
(98:50 / All) HauntedEggs: post this on your russian fansites
(98:51 / All) iP.Nastya: noobs ^6
(98:51 / All) PIZZAFAN1739: blue you a girl???
(98:54 / All) PIZZAFAN1739: http://highper.ch/
(98:55 / All) iP.Nastya: 40% 100%
(98:58 / All) HauntedEggs: u got owned how u feel smell my dick
(99:26 / All) HauntedEggs: gggggggggggggggggggggggggggggggggggggggggggggggggglen gould